 Dungeon Crawl Stone Soup version 0.29-b1-12-g9e2288ab2a (webtiles) character file.

Game seed: 1012161608190151870

217 mortz the Magician (level 6, -2/40 HPs)
             Began as a Djinni Conjurer on Aug 24, 2022.
             Slain by an iguana (10 damage)
             ... on level 3 of the Dungeon.
             The game lasted 00:13:53 (2685 turns).

mortz the Magician (Djinni Conjurer)                Turns: 2685, Time: 00:13:55

Health: -2/40      AC:  3    Str:  6    XL:     6   Next: 16%
Gold:   195        EV: 12    Int: 22    God:
                   SH:  0    Dex: 11

rFire   + + .      SeeInvis +   d - +2 dagger (speed)
rCold   x . .      Faith    .   (no shield)
rNeg    . . .      Spirit   .   a - +1 robe
rPois   ∞          Reflect  .   (no helmet)
rElec   .          Harm     .   (no cloak)
rCorr   .          Rampage  .   (no gloves)
Will    .....                   (boots unavailable)
Stlth   ++........              j - amulet of regeneration
HPRegen 0.93/turn               h - ring of see invisible
MPRegen 0.00/turn               (no ring)

@: flying
A: sickness immunity, fire resistance 2, cold vulnerability 1, float, innate
caster, HP casting, extra vitality 1
a: no special abilities


You were on level 3 of the Dungeon.
You visited 1 branch of the dungeon, and saw 4 of its levels.

You collected 195 gold pieces.

Inventory:

Hand Weapons
 c - a +0 dagger
 d - a +2 dagger of speed (weapon)
 g - a +0 war axe
 s - a +0 short sword
Armour
 a - a +1 robe (worn)
 f - a +0 ring mail
 o - a +0 scale mail
 t - a +0 leather armour
Jewellery
 b - an amulet of reflection
 h - a ring of see invisible (left hand)
 j - an amulet of regeneration (around neck)
Wands
 q - a wand of flame (24)
Scrolls
 p - a scroll of teleportation
 r - a scroll of fear
Potions
 e - a potion of ambrosia
 i - a potion of haste {unknown}
 k - a potion of attraction {unknown}
 l - a potion of flight {unknown}
 m - 7 potions of curing {unknown}
 n - a potion of lignification {unknown}


   Skills:
 + Level 0.1 Fighting
 + Level 2.6 Dodging
 + Level 2.1 Stealth
 + Level 5.2 Spellcasting


You couldn't memorise any spells.
You knew the following spells:

 Your Spells              Type           Power      Damage    Failure   Level
a - Magic Dart            Conj           100%       1d8       1%          1
b - Searing Ray           Conj           56%        2d6       1%          2
c - Dazzling Flash        Conj/Hex       56%        N/A       3%          3
d - Fulminant Prism       Conj/Hex       14%        3d9       12%         4
e - Iskenderun's Mystic   Conj/Tloc      28%        2d7       12%         4
f - Apportation           Tloc           56%        N/A       1%          1
g - Static Discharge      Conj/Air       28%        3-7/arc   1%          2
Your spell library was empty.

Dungeon Overview and Level Annotations

Branches:
Dungeon (4/15)
 Temple: D:4-7

Altars:

Annotations:
D:4 exclusion: 2 upstairs


Innate Abilities, Weirdness & Mutations

You are immune to sickness and miasma.
You are immune to poison.
Your flesh is very heat resistant. (rF++)
You are vulnerable to cold. (rC-)
You float through the air rather than walking.
You learn spells naturally, not from books.
Your magical power is your life essence.
You have superior vitality. (+4 MHP)


Message History

The hound barely misses you.
The searing ray hits the hound!
You kill the hound!
You finish channelling your searing ray.
You have reached level 6!
You start resting.
HP restored.
You fly downwards.
Level annotation: exclusion: 2 upstairs The gnoll hits you with a +0 flail.
The iguana bites you but does no damage.
The gnoll closely misses you. The gnoll barely misses you.
The iguana misses you.
There is a stone staircase leading up here.
The gnoll barely misses you. The gnoll closely misses you.
The iguana bites you!
You fly upwards.
There is a stone staircase leading down here.
Casting: Searing Ray (safe; 1% risk of failure)
Confirm with . or Enter, or press ? or * to list all spells.
Aiming: Searing Ray (safe; 1% risk of failure)
Press: ? - help, Shift-Dir - straight line, f - gnoll
Aim: a gnoll, wielding a +0 flail (82% to hit)
The searing ray hits the gnoll!
The gnoll is severely wounded.
The searing ray misses the gnoll. (Press Numpad 5 to maintain the ray.)
The gnoll barely misses you. The iguana barely misses you.
The searing ray hits the gnoll.
The gnoll is almost dead.
The searing ray hits the gnoll but does no damage.
The gnoll hits you with a +0 flail! The iguana bites you.
* * * LOW HITPOINT WARNING * * *
The searing ray hits the gnoll!
You kill the gnoll!
The searing ray hits the gnoll!
The gnoll is heavily wounded.
* * * LOW HITPOINT WARNING * * *
The iguana bites you!
You die...

#.####....###.##......
#....'....+...##......
######....######......
#....# #...... ######
#...... #......
#######
##################
#@)g.............'
#l################
#.#...........##..
#.#.#####..##.##.#
#.#.# #..#.....# #...#
#..#..#### #####
#..#..#### #..#......
#)†#.#####


You could see an iguana and a gnoll.

Vanquished Creatures
  A scorpion (D:3)
  A hound (D:3)
  An iguana (D:4)
  A gnoll (D:3)
  4 adders
  A worm (D:2)
  A dart slug (D:2)
  An orc (D:3)
  6 bats
  4 endoplasms
  4 giant cockroaches
  6 hobgoblins
  3 quokkas
  5 ball pythons
  2 frilled lizards
  8 goblins
  9 kobolds
  8 rats
66 creatures vanquished.

Notes
Turn   | Place    | Note
-------+----------+-------------------------------------------
     0 | D:1      | mortz the Djinni Conjurer began the quest for the Orb.
     0 | D:1      | mortz set off with the following spells memorised: Magic
                  | Dart, Searing Ray, Dazzling Flash, Fulminant Prism,
                  | Iskenderun's Mystic Blast.
     0 | D:1      | Reached XP level 1. HP: 15/15 MP: 0/0
   183 | D:1      | Reached XP level 2. HP: 17/21 MP: 0/0
   670 | D:1      | Found a faded altar of an unknown god.
   780 | D:1      | Reached XP level 3. HP: 25/25 MP: 0/0
   780 | D:1      | Learned a level 1 spell: Apportation
  1004 | D:2      | Reached skill level 4 in Spellcasting
  1099 | D:2      | Reached XP level 4. HP: 26/31 MP: 0/0
  2049 | D:3      | Noticed a scorpion
  2056 | D:3      | Killed a scorpion
  2057 | D:3      | Reached XP level 5. HP: 27/35 MP: 0/0
  2057 | D:3      | Learned a level 2 spell: Static Discharge
  2534 | D:4      | Reached skill level 5 in Spellcasting
  2557 | D:4      | Noticed a phantom
  2665 | D:3      | Reached XP level 6. HP: 27/40 MP: 0/0
  2685 | D:3      | Slain by an iguana

Illustrated notes

Levels and vault maps discovered:
D:1:      dpeg_arrival_tiny_g, layout_rooms, dreamdust_ecumenical_altar_statues
D:2:      layout_loops_ring
D:3:      layout_basic
D:4:      layout_cave_pools, minmay_temple_entry_mini_moons,
          minmay_misc_feat_tiny, uniq_natasha

Skill      XL: |  1  2  3  4  5 |
---------------+----------------+-----
Spellcasting   | 4 5 |  5.2
Stealth        | 2 |  2.1
Fighting       | |  0.1
Dodging        | |  2.6

Action                   |  1- 3 |  4- 6 || total
-------------------------+-------+-------++-------
 Cast: Magic Dart        |    35 |    31 ||    66
       Searing Ray       |    11 |    18 ||    29
  Use: Scroll            |     3 |     5 ||     8
Armor: Robe              |     1 |     4 ||     5
Dodge: Dodged            |     1 |    21 ||    22
